 Dungeon Crawl Stone Soup version 0.20-a0-754-g13ddd6e (webtiles) character file.

11739 Duffy the Cleaver (level 11, 19/109 HPs)
             Began as a Naga Gladiator on Feb 27, 2017.
             Was an Elder of Trog.
             Quit the game on level 1 of the Lair of Beasts.
             The game lasted 00:13:42 (12945 turns).

Duffy the Cleaver (Naga Gladiator)                 Turns: 12945, Time: 00:13:43

Health: 19/109     AC: 12    Str: 19    XL:     11   Next: 82%
Magic:  9/9        EV:  9    Int:  9    God:    Trog [****..]
Gold:   467        SH:  0    Dex: 13    Spells: 10/10 levels left

rFire    + . .     SeeInvis +   C - +1 battleaxe (elec)
rCold    + + .     Gourm    .   x - +2 scale mail {MR+}
rNeg     . . .     Faith    .   (shield currently unavailable)
rPois    +         Spirit   .   (helmet restricted)
rElec    .         Reflect  .   y - scarf {rC+ rF+}
rCorr    .         Harm     .   D - +0 pair of gloves
MR       +++++                  (no barding)
Stlth    ..........             E - amulet of magic regeneration
Regen    1.3/turn               (no ring)
MPRegen  0.2/turn               F - ring of protection from magic

@: regenerating, very slow
A: antennae 1, molten scales 1, see invisible, cold resistance 1, deformed body,
low mp 1, poison resistance, screaming 2, slowness 2, slow metabolism 1, spit
poison 2, evolution 1, no potion heal 1, subdued magic 1, AC +3
a: Breathe Poison Gas, Berserk, Trog's Hand, Brothers in Arms, Burn Spellbooks,
Renounce Religion


You were on level 1 of the Lair of Beasts.
You worshipped Trog.
Trog was greatly pleased with you.
You were not hungry.

You visited 2 branches of the dungeon, and saw 10 of its levels.
You also visited: Ice Cave.

You collected 467 gold pieces.

Inventory:

Hand Weapons
 a - a +1 war axe
 b - a +2 dagger of venom
 m - a +0 battleaxe
 C - a +1 battleaxe of electrocution (weapon)
 G - a +3 scimitar of flaming
 H - a +3 executioner's axe of chopping
 I - the +4 lajatang "Vuekhlus" {slice, Dex+3}
   (You found it in an ice cave)

   It inflicts extra damage upon your enemies.
   It affects your dexterity (+3).
 K - the +4 demon whip "Jaank" {drain, rElec rC+ Str+3 Stlth+}
   (You found it in an ice cave)

   A truly terrible weapon, it drains the life of those it strikes.
   It affects your strength (+3).
   It protects you from cold.
   It insulates you from electricity.
   It makes you more stealthy.
Missiles
 d - 4 throwing nets (quivered)
Armour
 c - a +1 helmet
 i - +0 acid dragon scales
 w - a +0 shield
 x - a +2 scale mail of magic resistance (worn)
 y - a scarf of resistance (worn)
 D - a +0 pair of gloves (worn)
Jewellery
 E - an amulet of magic regeneration (around neck)
 F - a ring of protection from magic (left hand)
Wands
 p - a wand of flame (22/48)
 u - a wand of iceblast (13/15)
 B - a wand of polymorph (21/24)
Scrolls
 e - 7 scrolls of remove curse
 k - 7 scrolls of teleportation
 o - 4 scrolls of enchant armour
 s - 2 scrolls of magic mapping
 v - 2 scrolls of enchant weapon
Potions
 g - 8 potions of curing
 h - 2 potions of berserk rage
 j - 2 potions of invisibility
 l - 2 potions of heal wounds
 q - 2 potions of lignification
 t - 2 potions of might
 z - a potion of brilliance {unknown}
 A - a potion of degeneration {unknown}
 J - a potion of flight {unknown}
Comestibles
 f - 8 bread rations
 n - 2 meat rations
 r - a royal jelly
 L - 3 fruits


   Skills:
 - Level 10.2 Fighting
 * Level 14.2 Axes
 - Level 1.7 Throwing
 + Level 2.9 Armour
 + Level 4.2 Dodging


You had 10 spell levels left.
You didn't know any spells.

Dungeon Overview and Level Annotations

Branches:
Dungeon (9/15)             Temple (0/1) D:5            Lair (1/6) D:9
    Orc (0/2) D:9

Altars:
Cheibriados
Gozag
Ru
Trog
Vehumet
Yredelemnul
Zin

Shops:
D:5 [   D:7 *


Innate Abilities, Weirdness & Mutations

You cannot wear boots.
Your serpentine skin is tough. (AC +3)
You have supernaturally acute eyesight. (SInv)
Armour fits poorly on your strangely shaped body.
Your system is resistant to poisons. (rPois)
You cover ground very slowly.
You have a slow metabolism.
You can exhale a cloud of poison.
You have a pair of small antennae on your head.
You are partially covered in molten scales. (AC +2)
Your flesh is cold resistant. (rC+)
Your magical capacity is low. (-10% MP)
You sometimes yell uncontrollably at your foes.
You evolve.
Potions are less effective at restoring your health.
Your spells are a little easier to cast, but a little less powerful.


Message History

The blink frog blinks!
The yak barely misses you. The spiny frog stings you! The yak gores you.
The blink frog closely misses you.
The blink frog blinks!
The blink frog hits you but does no damage.
Your surroundings suddenly seem different.
Found a potion of curing.
Your skin crawls.
You feel resistant to hostile enchantments.
You feel somewhat more hungry.
You start resting.
A hippogriff comes into view.
A hippogriff is nearby!
The hippogriff screeches!
The hippogriff bites you but does no damage.
The hippogriff barely misses you.
The hippogriff claws you but does no damage.
The hippogriff bites you but does no damage.
The hippogriff pecks you but does no damage.
The hippogriff claws you but does no damage.
Are you sure you want to abandon this character and quit the game? (Confirm with "yes".)

#.......#.#
....##.#+#.##
...........
#......... ..
#........ ... ##
#.......#
....##.##.......#
................#
.......@........#
......H..!......###
....................
.....................
.#P#.##..#.#P#####.##
# ## ######## #


You could see a hippogriff.

Vanquished Creatures
  A two-headed ogre (D:9)
  Erica (D:9)
  The ghost of Gorglomux the Transmogrifier, a novice MfTm of Ashenzari (D:8)
  A spiny frog (Lair:1)
  2 ice statues (IceCv)
  A komodo dragon (Lair:1)
  7 ice devils (IceCv)
  Prince Ribbit (D:7)
  3 hippogriffs
  A wraith (D:8)
  2 yaks (Lair:1)
  A water moccasin (Lair:1)
  A porcupine (Lair:1)
  5 orc warriors
  3 ice beasts
  3 sky beasts
  5 ogres
  3 phantoms
  2 black bears
  5 centaurs
  3 necrophages (D:8)
  6 wolves (Lair:1)
  2 big kobolds
  An elf zombie (D:8)
  4 bullfrogs
  3 killer bees (D:9)
  5 wights (D:8)
  A howler monkey (D:5)
  6 crimson imps
  2 hounds
  5 human zombies (D:8)
  9 orc wizards
  A gnoll shaman (D:5)
  12 orc priests
  A centaur skeleton (D:7)
  A bullfrog skeleton (D:7)
  3 iguanas
  6 worker ants
  An ogre zombie (D:8)
  A mummy (D:8)
  A worker ant zombie (D:7)
  14 adders
  9 gnolls
  2 shadow imps
  10 white imps (IceCv)
  3 ufetubi (IceCv)
  2 oozes (D:2)
  2 adder zombies
  2 adder skeletons (D:6)
  3 worms
  2 dart slugs
  4 leopard geckos
  40 orcs
  6 bats
  5 giant cockroaches
  3 goblins
  8 hobgoblins
  13 jackals
  4 quokkas
  2 ball pythons (D:4)
  5 frilled lizards
  14 kobolds
  A quokka skeleton (D:6)
  A quokka zombie (D:9)
  8 rats
286 creatures vanquished.

Vanquished Creatures (collateral kills)
  An orc wizard (D:8)
  An orc (D:8)
2 creatures vanquished.

Vanquished Creatures (others)
  A reaper (IceCv)
  4 white imps (IceCv)
  4 ufetubi (IceCv)
  17 plants (D:9)
26 creatures vanquished.

Grand Total: 314 creatures vanquished

Notes
Turn   | Place    | Note
-------+----------+-------------------------------------------
     0 | D:1      | Duffy the Naga Gladiator began the quest for the Orb.
     0 | D:1      | Reached XP level 1. HP: 19/19 MP: 1/1
   366 | D:1      | Reached XP level 2. HP: 21/26 MP: 2/2
   910 | D:1      | Reached skill level 4 in Axes
  1003 | D:1      | Reached XP level 3. HP: 30/32 MP: 3/3
  2117 | D:2      | Found a faded altar of an unknown god.
  2137 | D:2      | Became a worshipper of Trog the Wrathful
  2137 | D:2      | Reached * piety under Trog
  2255 | D:2      | Reached XP level 4. HP: 14/39 MP: 4/4
  2735 | D:3      | Reached skill level 5 in Axes
  3077 | D:3      | Reached XP level 5. HP: 39/45 MP: 5/5
  3315 | D:3      | Reached skill level 6 in Axes
  3489 | D:4      | Reached ** piety under Trog
  3537 | D:4      | Reached XP level 6. HP: 50/55 MP: 6/6
  4018 | D:4      | Reached skill level 7 in Axes
  4018 | D:4      | Reached XP level 7. HP: 32/63 MP: 7/7
  4894 | D:5      | Entered Level 5 of the Dungeon
  4922 | D:5      | Found a bloodstained altar of Trog.
  5002 | D:5      | Gained mutation: You occasionally shout uncontrollably at your foes. [potion of mutation]
  5002 | D:5      | Gained mutation: You can exhale a cloud of poison. [potion of mutation]
  5160 | D:5      | Reached skill level 5 in Fighting
  5186 | D:5      | Found a staircase to the Ecumenical Temple.
  5257 | D:5      | Reached XP level 8. HP: 66/74 MP: 8/8
  5346 | D:5      | Found Bahon's Armour Shoppe.
  5579 | D:6      | Reached skill level 8 in Axes
  6315 | D:6      | Reached *** piety under Trog
  6545 | D:6      | Reached skill level 9 in Axes
  6564 | D:6      | Reached XP level 9. HP: 40/86 MP: 9/9
  6579 | D:5      | Gained mutation: Potions are less effective at restoring your health. [mutagenic meat]
  6580 | D:5      | Gained mutation: You evolve. [mutagenic meat]
  6581 | D:5      | Gained mutation: You sometimes yell uncontrollably at your foes. [mutagenic meat]
  6582 | D:5      | Gained mutation: Your magical capacity is low. (-10% MP) [mutagenic meat]
  6583 | D:5      | Gained mutation: You are partially covered in molten scales. (AC +2) [mutagenic meat]
  7147 | D:7      | Found a radiant altar of Vehumet.
  7147 | D:7      | Found a sacrificial altar of Ru.
  7170 | D:7      | Found Dakesihu's General Store.
  7287 | D:7      | Reached skill level 10 in Axes
  7703 | D:7      | Noticed Prince Ribbit
  7721 | D:7      | Killed Prince Ribbit
  8133 | D:7      | Reached **** piety under Trog
  8274 | D:7      | Reached skill level 11 in Axes
  8496 | D:8      | Reached XP level 10. HP: 77/98 MP: 9/9
  8726 | D:8      | Noticed Gorglomux's ghost (novice MfTm)
  8749 | D:8      | Killed Gorglomux's ghost
  8751 | D:8      | Reached skill level 12 in Axes
  8861 | D:8      | Found an opulent altar of Gozag.
  8981 | D:8      | Found a glowing silver altar of Zin.
  9101 | D:8      | Found a basalt altar of Yredelemnul.
  9292 | D:8      | Found a snail-covered altar of Cheibriados.
  9336 | D:8      | Gained mutation: Your flesh is cold resistant. (rC+) [mutagenic meat]
  9337 | D:8      | Gained mutation: Your spells are a little easier to cast, but a little less powerful. [mutagenic meat]
  9511 | D:9      | Noticed a two-headed ogre
  9519 | D:9      | Killed a two-headed ogre
  9562 | D:9      | Reached skill level 10 in Fighting
  9911 | D:9      | Noticed Erica
  9930 | D:9      | Killed Erica
  9930 | D:9      | Reached skill level 13 in Axes
  9930 | D:9      | Reached XP level 11. HP: 79/109 MP: 9/9
  9959 | D:9      | Gained mutation: You have a pair of small antennae on your head. [evolution]
 10445 | D:9      | Found a staircase to the Lair.
 10677 | D:9      | Found a staircase to the Orcish Mines.
 10917 | Lair:1   | Entered Level 1 of the Lair of Beasts
 10917 | Lair:1   | Found a frozen archway.
 10927 | Lair:1   | Reached skill level 1 in Armour
 11119 | IceCv    | Entered an ice cave
 11165 | IceCv    | Reached ***** piety under Trog
 11262 | IceCv    | Killed a reaper
 12167 | IceCv    | Got a translucent lajatang
 12173 | IceCv    | Got a crude demon whip
 12174 | IceCv    | Identified the +4 demon whip "Jaank" {drain, rElec rC+ Str+3 Stlth+} (You found it in an ice cave)
 12175 | IceCv    | Identified the +4 lajatang "Vuekhlus" {slice, Dex+3} (You found it in an ice cave)
 12342 | Lair:1   | Reached skill level 14 in Axes
 12945 | Lair:1   | Quit the game

Vault maps used:
D:1:      scummos_arrival_simple_fountains, moated_statue,
          minmay_misc_feat_doors, st_stairs_5
D:2:      chequers_ecumenical_altar_simple_redux
D:3:      first_bread
D:4:      minmay_door_path
D:5:      bloody_trog, minmay_temple_entry_glass, serial_shops, shop
D:6:      kennysheep_generic_room_12
D:7:      gammafunk_temple_overflow_statue, serial_shops, shop, grunt_ogre_cave,
          uniq_prince_ribbit1
D:8:      old_standard_altar, zin_statuary, lemuel_coloured_pillars_altar,
          lemuel_mausoleum_altar_yredelemnul
D:9:      david_lair_shrubbed, orc_0_dummy, uniq_erica
Lair:1:   minmay_lair_oklob_tunnel, portal_ice_cave_entry_pillars_1,
          grunt_megastairs_4, lemuel_fruit_fields, uniq_grum
IceCv:    ice_cave_small_demon

Skill      XL: |  1  2  3  4  5  6  7  8  9 10 11 |
---------------+----------------------------------+-----
Axes           | 4 5 6 7 9 11 13 14 | 14.2
Fighting       | 3 5 7 8 10 | 10.2
Dodging        | 4 |  4.2
Armour         | 2 |  2.9
Throwing       | |  1.7

Action                   |  1- 3 |  4- 6 |  7- 9 | 10-12 || total
-------------------------+-------+-------+-------+-------++-------
Melee: War axe           |   129 |   126 |   226 |       ||   481
       Dagger            |     9 |       |       |       ||     9
       Battleaxe         |       |       |   109 |   316 ||   425
Invok: Berserk           |       |     3 |       |     2 ||     5
       Burn Spellbooks   |       |       |     1 |       ||     1
       Brothers in Arms  |       |       |       |     2 ||     2
       Trog's Hand       |       |       |       |     2 ||     2
 Abil: Spit Poison       |     1 |       |       |       ||     1
       Breathe Poison Ga |       |       |    25 |     7 ||    32
  Use: Scroll            |     5 |     5 |     4 |     5 ||    19
       Potion            |       |       |     1 |     3 ||     4
  Eat: Chunk             |     3 |     6 |    18 |     7 ||    34
       Royal jelly       |       |       |     2 |       ||     2
       Fruit             |       |       |     1 |       ||     1
       Meat ration       |       |       |       |     3 ||     3
Armor: Leather armour    |    12 |       |       |       ||    12
       Scale mail        |    70 |    60 |   197 |   193 ||   520
Dodge: Dodged            |    86 |    64 |    98 |   155 ||   403
Block: Shield            |       |     1 |    93 |       ||    94
